 Dungeon Crawl Stone Soup version 0.27.1-2-g3b301248ec (webtiles) character file.

Game seed: 11320303898572547415

109 Borgoz the Skirmisher (level 4, 0/43 HPs)
             Began as a Gargoyle Berserker on Sept 26, 2021.
             Was a Follower of Trog.
             Slain by a gnoll (3 damage)
             ... on level 2 of the Dungeon.
             The game lasted 00:01:27 (2742 turns).

Borgoz the Skirmisher (Gargoyle Berserker)          Turns: 2742, Time: 00:01:28

Health: 0/43       AC:  5    Str: 22    XL:     4   Next: 90%
Magic:  4/4        EV: 12    Int:  7    God:    Trog [*.....]
Gold:   58         SH:  0    Dex:  9    Spells: 3/3 levels left

rFire    . . .     SeeInvis .   a - +0 mace
rCold    . . .     Faith    .   (no shield)
rNeg     + . .     Spirit   .   b - +0 animal skin
rPois    ∞         Reflect  .   (no helmet)
rElec    +         Harm     .   (no cloak)
rCorr    +         Rampage  .   (no gloves)
Will     .....                  (no boots)
Stlth    ..........             (no amulet)
HPRegen  0.14/turn              g - ring of resist corrosion
MPRegen  0.09/turn              (no ring)

@: berserking, very quick
A: sickness immunity, AC +3, negative energy resistance 1, electricity
resistance, torment resistance 1, petrification resistance
a: Renounce Religion, Berserk


You were on level 2 of the Dungeon.
You worshipped Trog.
Trog was aware of your devotion.
You visited 1 branch of the dungeon, and saw 3 of its levels.

You collected 110 gold pieces.
You spent 52 gold pieces at shops.

Inventory:

Hand Weapons
 a - a +0 mace (weapon)
Armour
 b - a +0 animal skin (worn)
Jewellery
 g - a ring of resist corrosion (left hand)
Scrolls
 c - a scroll of immolation {unknown}
 e - 5 scrolls of identify
 f - a scroll of fog {unknown}
 h - a scroll of teleportation {unknown}
 i - a scroll of magic mapping {unknown}
 k - 2 scrolls of amnesia {unknown}
 l - 3 scrolls of vulnerability {unknown}
Potions
 d - 3 potions of curing {unknown}
 j - a potion of might {unknown}


   Skills:
 + Level 4.1 Fighting
 + Level 3.7 Maces & Flails
 + Level 3.2 Armour
 + Level 2.4 Dodging


You had 3 spell levels left.
You didn't know any spells.
Your spell library was empty.

Dungeon Overview and Level Annotations

Branches:
Dungeon (3/15)

Altars:

Shops:
D:2 ?


Innate Abilities, Weirdness & Mutations

You are immune to sickness and miasma.
Your stone body is resilient. (AC +3)
You are immune to poison.
You resist negative energy. (rN+)
You are resistant to electric shocks. (rElec)
You are resistant to unholy torment.
You are immune to petrification.


Message History

The gnoll hits you but does no damage.
There is an open door here.
The giant cockroach misses you. The giant cockroach closely misses you.
The giant cockroach misses you.
The giant cockroach waves its antennae.
The giant cockroach bites you but does no damage.
There is an escape hatch in the ceiling here.
You closely miss the giant cockroach. The giant cockroach closely misses you.
The giant cockroach barely misses you. The gnoll barely misses you.
The giant cockroach bites you but does no damage.
The gnoll hits you from afar with a +0 spear.
A mysterious force pulls you upwards. The hatch slams shut behind you.
You are too injured to fight recklessly!
A red film seems to cover your vision as you go berserk!
You feel yourself moving faster!
You feel mighty! The gnoll barely misses you.
The giant cockroach bites you but does no damage.
You closely miss the gnoll. The gnoll hits you with a +0 flail!
* * * LOW HITPOINT WARNING * * *
The giant cockroach barely misses you.
You sock the gnoll!
The gnoll is severely wounded.
The giant cockroach barely misses you. The gnoll hits you with a +0 flail!
* * * LOW HITPOINT WARNING * * *
You barely miss the gnoll.
The gnoll is severely wounded.
The giant cockroach closely misses you. The gnoll barely misses you.
You barely miss the gnoll.
The gnoll is severely wounded.
The giant cockroach barely misses you. The gnoll closely misses you.
You barely miss the gnoll.
The gnoll is severely wounded.
The giant cockroach closely misses you.
You closely miss the gnoll.
The gnoll is severely wounded.
The gnoll hits you but does no damage. The giant cockroach barely misses you.
You closely miss the gnoll.
The gnoll is severely wounded.
The giant cockroach closely misses you. The gnoll hits you with a +0 flail.
You die...

_###.....#.#.#
........##.#.#
.......##..#.#
#####.....##.# #
#...####.## ##
#...# #..# .#
#.#.#####.#### .##
#....#.....Bg#
..###.....).....@#
..........)......#
..(....#........(#
.......##........#
#.#....##........#
#.#....##........#
..#..............#
..#..............#
.....#######.##..##


You could see a gnoll and a giant cockroach.

Vanquished Creatures
  A water moccasin skeleton (D:3)
  2 adders (D:3)
  A worm (D:2)
  4 endoplasms
  3 giant cockroaches (D:1)
  6 goblins
  2 hobgoblins (D:1)
  5 kobolds
  2 quokkas
  5 ball pythons
  3 bats
  A rat (D:2)
35 creatures vanquished.

Notes
Turn   | Place    | Note
-------+----------+-------------------------------------------
     0 | D:1      | Borgoz the Gargoyle Berserker began the quest for the Orb.
     0 | D:1      | Reached XP level 1. HP: 14/14 MP: 1/1
    45 | D:1      | Reached XP level 2. HP: 18/19 MP: 2/2
  1323 | D:2      | Reached XP level 3. HP: 23/23 MP: 3/3
  1342 | D:2      | Found a faded altar of an unknown god.
  1614 | D:2      | Reached ** piety under Trog
  1757 | D:2      | Found Jeliag's Magic Scroll Boutique.
  1870 | D:2      | Bought a scroll of identify for 26 gold pieces
  1870 | D:2      | Bought a scroll of identify for 26 gold pieces
  2220 | D:3      | Reached skill level 4 in Fighting
  2220 | D:3      | Reached XP level 4. HP: 3/29 MP: 4/4
  2742 | D:2      | Slain by a gnoll

Illustrated notes

Levels and vault maps discovered:
D:1:      enne_arrival_octagon_isle, layout_basic, dk_noncrumbling_2,
          st_stairs_5, corexii_leaking_fountain,
          amcnicky_mini_rare_corridor_liquid
D:2:      layout_rooms, serial_shops, shop, hellmonk_ecumenical_altar_lost_god
D:3:      layout_loops_corners, goddamned_bats

Skill      XL: |  1  2  3 |
---------------+----------+-----
Dodging        | 2 |  2.4
Fighting       | 4 |  4.1
Armour         | 3 |  3.2
Maces & Flails | |  3.7

Action                   |  1- 3 |  4- 6 || total
-------------------------+-------+-------++-------
Melee: Mace              |    98 |    28 ||   126
Invok: Berserk           |     2 |     1 ||     3
Armor: Animal skin       |    33 |    17 ||    50
Dodge: Dodged            |    78 |    37 ||   115
